 Dungeon Crawl Stone Soup version 0.22-a0 (webtiles) character file.

277 KarmaPolice the Vandal (level 6, -4/42 HPs)
             Began as a Halfling Hunter on Dec 31, 2017.
             Killed from afar by an orc wizard (5 damage)
             ... with a magic dart
             ... on level 4 of the Dungeon.
             The game lasted 00:06:56 (4547 turns).

KarmaPolice the Vandal (Halfling Hunter)            Turns: 4547, Time: 00:06:58

Health: -4/42      AC:  5    Str: 14    XL:     6   Next: 50%
Magic:  6/6        EV: 14    Int:  9    God:
Gold:   130        SH:  0    Dex: 16    Spells: 5/5 levels left

rFire    . . .     SeeInvis .   g - +0 spear (venom)
rCold    . . .     Gourm    .   (shield restricted)
rNeg     . . .     Faith    .   c - +0 leather armour
rPois    .         Spirit   .   q - +1 hat
rElec    .         Reflect  .   (no cloak)
rCorr    .         Harm     .   j - +0 pair of gloves
MR       .....                  (no boots)
Stlth    ++........             (no amulet)
HPRegen  0.14/turn              (no ring)
MPRegen  0.10/turn              (no ring)

@: slowed, very slow
A: small, mutation resistance 1
a: no special abilities


You were on level 4 of the Dungeon.
You were very hungry.

You visited 1 branch of the dungeon, and saw 4 of its levels.

You collected 130 gold pieces.

Inventory:

Hand Weapons
 a - a +1 hunting sling
 b - a +0 short sword
 g - a +0 spear of venom (weapon)
 x - a +2 falchion of freezing
Missiles
 d - 45 sling bullets
 e - 40 stones (quivered)
Armour
 c - a +0 leather armour (worn)
 j - a +0 pair of gloves (worn)
 q - a +1 hat (worn)
Jewellery
 l - an uncursed ring of resist corrosion {unknown}
 n - an uncursed ring of stealth {unknown}
 r - an uncursed ring of ice {unknown}
 w - a +4 ring of intelligence {unknown}
Scrolls
 h - 3 scrolls of identify {unknown}
 k - 3 scrolls of teleportation {unknown}
 o - a scroll of fog {unknown}
 u - a scroll of immolation {unknown}
 y - a scroll of remove curse {unknown}
Potions
 i - a potion of curing {unknown}
 m - a potion of heal wounds {unknown}
 p - 2 potions of brilliance {unknown}
 s - a potion of haste {unknown}
 t - 2 potions of degeneration {unknown}
 v - a potion of resistance {unknown}
Comestibles
 f - 8 rations


   Skills:
 + Level 3.6 Fighting
 + Level 3.9 Short Blades
 + Level 0.0(1.9) Long Blades
 + Level 7.7 Slings
 - Level 2.1 Dodging
 - Level 1.1 Stealth


You had 5 spell levels left.
You didn't know any spells.

Dungeon Overview and Level Annotations

Branches:
Dungeon (4/15)
 Temple: D:4-7

Altars:
Cheibriados
Dithmenos


Innate Abilities, Weirdness & Mutations

You are small and have problems with some larger weapons.
You are somewhat resistant to further mutation.


Message History

The orc wizard gestures at you while chanting.
The magic dart hits you!
* * * LOW HITPOINT WARNING * * *
The orc wizard barely misses you. The orc wizard hits you with a dagger.
* * * LOW HITPOINT WARNING * * *
The orc wizard hits you with a dagger.
* * * LOW HITPOINT WARNING * * *
The orc wizard closely misses you.
Attack whom?
Press: ? - help, Dir - move target cursor, f - orc wizard, p - orc wizard
Aim: an orc wizard, wielding a dagger and wearing a robe (fast)
You hit the orc wizard.
The orc wizard is poisoned.
The orc wizard is lightly wounded.
The orc wizard points at you and mumbles some strange words.
The magic dart hits you!
* * * LOW HITPOINT WARNING * * *
The orc wizard gestures at you while chanting.
The magic dart hits you!
You die...

. #.##.######.##.##...#......
. #.##.# #.##.##..........
#.##.# ####.##.###..#####.#
#.##.# #.)................<
#.#.##.###.#####.###.....#..#
..............................
..........#.#####.####.......#
##.#.##.#.#.#####.# #........
.............@.##.# #.......#
.......#.#.##o##.# #........
...#.####.#.##.##.# .......
####. #.#.##o##.# #
#.#.##o##.# #####
#.##(##.##.... #.##o##(....#
.#...........#
...............+


You could see 2 orc wizards and 2 orcs.

Vanquished Creatures
  A centaur (D:3)
  An orc priest (D:3)
  2 orc wizards (D:3)
  3 adders
  A dart slug (D:4)
  2 leopard geckos
  15 orcs
  3 giant cockroaches
  5 goblins
  5 hobgoblins
  6 jackals
  A quokka (D:2)
  A ball python (D:1)
  11 bats
  2 frilled lizards
  5 kobolds
  10 rats
74 creatures vanquished.

Notes
Turn   | Place    | Note
-------+----------+-------------------------------------------
     0 | D:1      | KarmaPolice the Halfling Hunter began the quest for the Orb.
     0 | D:1      | Reached XP level 1. HP: 14/14 MP: 1/1
   262 | D:1      | Reached skill level 6 in Slings
   285 | D:1      | Reached XP level 2. HP: 19/19 MP: 2/2
   304 | D:1      | Reached skill level 1 in Short Blades
   692 | D:1      | Reached XP level 3. HP: 24/24 MP: 3/3
  1544 | D:2      | Reached XP level 4. HP: 20/30 MP: 4/4
  2077 | D:3      | Found a shadowy altar of Dithmenos.
  2108 | D:3      | Noticed a centaur
  2387 | D:3      | Killed a centaur
  2387 | D:3      | Reached skill level 7 in Slings
  2387 | D:3      | Reached XP level 5. HP: 12/36 MP: 5/5
  3145 | D:3      | Reached XP level 6. HP: 40/42 MP: 6/6
  4006 | D:3      | Found a snail-covered altar of Cheibriados.
  4547 | D:4      | HP: 1/42 [orc wizard/magic dart (8)]
  4547 | D:4      | Killed from afar by an orc wizard

Vault maps used:
D:1:      tarquinn_simple_flora_water_c, grunt_decor_one_mirror
D:2:      first_ration
D:3:      marbit_many_paths, nicolae_overflow_crystal_walls

Skill      XL: |  1  2  3  4 |
---------------+-------------+-----
Slings         | 6 7 |  7.7
Fighting       | 2 3 |  3.6
Short Blades   | 1 2 3 |  3.9
Dodging        | |  2.1
Stealth        | |  1.1

Action                   |  1- 3 |  4- 6 || total
-------------------------+-------+-------++-------
Melee: Short sword       |   150 |    58 ||   208
       Spear             |       |    98 ||    98
Throw: Stone             |       |     1 ||     1
 Stab: Sleeping          |     1 |       ||     1
  Eat: Chunk             |     2 |     5 ||     7
       Ration            |       |     1 ||     1
Armor: Leather armour    |    46 |    52 ||    98
Dodge: Dodged            |   124 |   143 ||   267

Table legend:
 A = Spawn XP
 B = Non-spawn XP
 C = Spawn XP percentage of total XP
 D = Spawn monster count
 E = Non-spawn monster count
 F = Spawn count percentage of total count
 G = Total turns spent on level
                    A         B        C        D         E        F      G
               +---------+---------+-------+---------+---------+-------+---------
         Total |       0 |     396 |   0.0 |       0 |      74 |   0.0 |  4547
               +---------+---------+-------+---------+---------+-------+---------
           D:1 |       0 |      32 |   0.0 |       0 |      21 |   0.0 |  1071
           D:2 |       0 |      62 |   0.0 |       0 |      21 |   0.0 |  1638
           D:3 |       0 |     298 |   0.0 |       0 |      31 |   0.0 |  1611
           D:4 |       0 |       4 |   0.0 |       0 |       1 |   0.0 |   227
               +---------+---------+-------+---------+---------+-------+---------
